AoeStats
← metanoid

Arabia

511012284Analyzed
2v2 RM · 7h ago on Oct 3, 2026· 37m 29s· 4 players
Game mode
Random Map
Map size
Medium (4 player)
Population
200
Speed
Normal
Resources
Standard
Victory
Conquest
Starting age
Dark Age
Ending age
Imperial Age
RankedLock teamsTeams togetherTeam positionsShared explorationLock speedFull tech treeHidden civsTurbo modeCheats
Victory
Defeat
🇬🇧 Wu · United Kingdom
880
+14
🇦🇷 Franks · Argentina
851
+37
🇩🇪 Mongols · Germany
849
-15
🇩🇪 Celts · Germany
841
-15
Udinos
11:58 Feudal Age
12:04 Man-at-Arms
21:02 Castle Age
19:55 Double-Bit Axe
19:54 Horse Collar
22:37 Wheelbarrow
22:55 Long Swordsman
24:06 Forging
23:56 Scale Mail Armor
25:11 Bow Saw
25:05 Heavy Plow
30:26 Fletching
35:13 Scale Barding Armor
Rhinophonia
11:59 Feudal Age
20:18 Castle Age
19:38 Bloodlines
19:43 Forging
20:31 Double-Bit Axe
20:58 Horse Collar
21:48 Bow Saw
21:22 Light Cavalry
24:35 Heavy Plow
24:39 Husbandry
26:43 Wheelbarrow
25:56 Loom
25:56 Town Watch
27:26 Scale Barding Armor
29:16 Hand Cart
36:58 Imperial Age
35:57 Gold Mining
37:33 Stone Mining
38:18 Gold Shaft Mining
37:06 Onager
38:50 Chemistry
37:46 Murder Holes
metanoid
10:47 Feudal Age
11:18 Double-Bit Axe
15:31 Loom
34:33 Castle Age
34:49 Gold Mining
Juancho Talarga
6:53 Loom
9:20 Feudal Age
10:07 Double-Bit Axe
20:33 Castle Age
18:51 Fletching
19:02 Padded Archer Armor
18:46 Horse Collar
19:20 Gold Mining
19:59 Padded Archer Armor
21:26 Bow Saw
20:39 Crossbowman
21:57 Bodkin Arrow
28:16 Scale Mail Armor
28:27 Forging
28:44 Squires
34:41 Pikeman
Connection lost

Rejoining the realm…

Still unreachable

The connection could not be restored.

Session expired

The server has moved on; the page needs a fresh start.